 Dungeon Crawl Stone Soup version 0.20-a0-640-g62ed22f (webtiles) character file.

60 Klosterheim the Cudgeler (level 3, -5/31 HPs)
             Began as a Minotaur Fighter on Feb 12, 2017.
             Was a Follower of Ru.
             Slain by a sky beast (6 damage)
             ... on level 3 of the Dungeon.
             The game lasted 00:02:24 (1252 turns).

Klosterheim the Cudgeler (Minotaur Fighter)         Turns: 1252, Time: 00:02:26

Health: -5/31      AC:  8    Str: 21    XL:     3   Next: 82%
Magic:  2/2        EV:  7    Int:  5    God:    Ru [*.....]
Gold:   100        SH:  9    Dex:  9    Spells: 2/2 levels left

rFire    . . .     SeeInvis .   a - +0 flail
rCold    . . .     Gourm    .   b - +0 scale mail
rNeg     . . .     Faith    .   c - +0 shield
rPois    .         Spirit   .   p - +2 hat {MR+}
rElec    .         Reflect  .   (no cloak)
rCorr    .         Harm     .   (no gloves)
MR       +....                  (no boots)
Stlth    ..........             (no amulet)
Regen    0.1/turn               (no ring)
MPRegen  0.1/turn               (no ring)

@: no potions
A: retaliatory headbutt, horns 2, inability to drink while threatened
a: Renounce Religion


You were on level 3 of the Dungeon.
You worshipped Ru.
Ru was aware of your devotion.
You were not hungry.

You visited 1 branch of the dungeon, and saw 3 of its levels.

You collected 100 gold pieces.

Inventory:

Hand Weapons
 a - a +0 flail (weapon)
Armour
 b - a +0 scale mail (worn)
 c - a +0 shield (worn)
 p - a +2 hat of magic resistance (worn)
Scrolls
 e - 5 scrolls of teleportation {unknown}
 k - 3 scrolls of remove curse {unknown}
 l - a scroll of blinking {unknown}
 n - a scroll of enchant weapon {unknown}
 o - a scroll of enchant armour {unknown}
 q - a scroll of amnesia {unknown}
 r - a scroll of fear {unknown}
Potions
 d - a potion of might
 i - a potion of heal wounds {unknown}
 j - a potion of curing {unknown}
 m - 2 potions of mutation {unknown}
Comestibles
 f - 2 bread rations
 g - 2 royal jellies
 h - 2 chunks of flesh


   Skills:
 - Level 3.6 Fighting
 + Level 5.0 Maces & Flails
 - Level 3.6 Armour
 - Level 3.6 Shields


You had 2 spell levels left.
You didn't know any spells.

Dungeon Overview and Level Annotations

Branches:
Dungeon (3/15)

Altars:
Ru


Innate Abilities, Weirdness & Mutations

You reflexively headbutt those who attack you in melee.
You have a pair of horns on your head.
You cannot drink potions while threatened.


Message History

You feel threatened and lose the ability to drink potions!
* * * LOW HITPOINT WARNING * * *
You miss something. Something hits you but does no damage.
Your scale mail prevents you from hitting something.
Your headbutt misses something. Something hits you but does no damage.
You miss something.
A sky beast appears from thin air!
Reactivating autopickup.
The sky beast hits you but does no damage.
You closely miss the sky beast. You headbutt the sky beast!
The sky beast is almost dead.
The sky beast flickers out of sight!
Deactivating autopickup; reactivate with Ctrl-A.
Something hits you but does no damage.
You hit something but do no damage. You headbutt something.
You can drink potions again.
Something hits you.
You feel threatened and lose the ability to drink potions!
* * * LOW HITPOINT WARNING * * *
Something shocks you.
You die...

..... #...# #...#
####+#)..#
.........#
.........#
.........# .
###+#{@.# .##
#.......# (.#
#......## #.#
#......# #.#
#......# #.#
#......#
#.####......#
#....'......#
#.####..###......#


There were no monsters in sight!

Vanquished Creatures
  An adder (D:2)
  2 worms (D:2)
  2 dart slugs (D:2)
  A leopard gecko (D:2)
  6 bats
  A giant cockroach (D:1)
  4 goblins
  8 hobgoblins
  3 jackals (D:2)
  A quokka (D:2)
  A frilled lizard (D:2)
  5 kobolds
  5 rats
40 creatures vanquished.

Notes
Turn   | Place    | Note
-------+----------+-------------------------------------------
     0 | D:1      | Klosterheim the Minotaur Fighter began the quest for the Orb.
     0 | D:1      | Reached XP level 1. HP: 19/19 MP: 0/0
    73 | D:1      | Reached skill level 3 in Maces & Flails
   173 | D:1      | Reached XP level 2. HP: 22/26 MP: 1/1
   592 | D:2      | Reached skill level 4 in Maces & Flails
   610 | D:2      | Reached XP level 3. HP: 10/31 MP: 2/2
  1076 | D:2      | Found a sacrificial altar of Ru.
  1110 | D:2      | Reached skill level 5 in Maces & Flails
  1166 | D:2      | Found a faded altar of an unknown god.
  1178 | D:2      | Became a worshipper of Ru the Awakened
  1189 | D:2      | Gained mutation: You cannot drink potions while threatened. [Ru sacrifice]
  1189 | D:2      | Reached * piety under Ru
  1232 | D:3      | Noticed a sky beast
  1252 | D:3      | HP: 1/31 [something (4)]
  1252 | D:3      | Slain by a sky beast

Vault maps used:
D:1:      matt_arrival_grand_opening
D:2:      chequers_ecumenical_altar_simple, nicolae_ru_path_of_blood
D:3:      ashenzari_altar_1, uniq_jessica, uniq_iyjb

Skill      XL: |  1  2  3 |
---------------+----------+-----
Maces & Flails | 3 4 5 |  5.0
Fighting       | |  3.6
Armour         | |  3.6
Shields        | |  3.6

Action                   || total
-------------------------++-------
Melee: Flail             ||   125
       Headbutt          ||    17
Invok: Sacrifice Drink   ||     1
  Eat: Chunk             ||     1
Armor: Scale mail        ||    86
Dodge: Dodged            ||    49
Block: Shield            ||    68
